Map: Abyssal Reef LE

Players

Metasapien - Winner!

  • Race: Zerg Zerg
  • League: Platinum
  • Spawn Location: 11:00

TheMacdaddy

  • Race: Terran Terran
  • League: Platinum
  • Spawn Location: 5:00

VOD

Have the link to the VOD?

Description

Time

  • Played on: Sept. 25, 2017, 12:47 a.m.
  • Length: 17:02
Show
View Real Time Build Order
Export as new Build Order

Metasapien Zerg - Winner!

Build Orders: Pool First 

Get SALT Encoding   

  12  0:01  Drone  
  13  0:13  Overlord  
  13  0:20  Drone  
  14  0:22  Extractor  
  14  0:24  Drone  
  15  0:32  Drone  
  16  0:37  Drone  
  17  0:48  Spawning Pool  
  16  0:50  Drone  
  17  0:57  Drone  
  18  1:16  Hatchery  
  17  1:21  Extractor  
  17  1:23  Drone  
  17  1:24  Drone  
  18  1:32  Drone  
  19  1:42  Spine Crawler  
  19  1:43  Zergling x2  
  19  1:51  Drone  
  20  2:08  Drone  
  21  2:13  Hatchery  
  20  2:17  Queen  
  22  2:30  Zergling x2  
  22  2:40  Queen  
  22  2:44  Zergling x4  
  26  2:46  Zergling x2  
  26  2:47  Zergling x2  
  28  2:54  Metabolic Boost  
  28  3:06  Overlord x2  
  28  3:25  Drone  
  28  3:26  Drone x5  
  33  3:32  Extractor  
  32  3:38  Queen  
  34  3:44  Drone x2  
  36  3:54  Drone  
  37  4:00  Spine Crawler  
  36  4:20  Drone x2  
  36  4:21  Drone x3  
  36  4:23  Drone x7  
  48  4:31  Extractor  
  48  4:33  Extractor  
  48  4:37  Roach Warren  
  45  4:38  Zergling x2  
  45  4:39  Zergling x4  
  45  4:45  Drone  
  46  4:53  Zergling x6  
  46  4:57  Spine Crawler  
  47  5:04  Drone x3  
  47  5:17  Zergling x4  
  47  5:19  Drone  
  49  5:26  Overlord x3  
  49  5:30  Lair  
  45  5:39  Drone, Spine Crawler  
  45  5:40  Drone  
  45  5:41  Roach  
  48  5:46  Drone x2  
  48  5:48  Drone x2  
  48  5:49  Roach x2  
  56  5:50  Overlord  
  56  6:02  Drone x2  
  58  6:04  Pneumatized Carapace  
  58  6:10  Drone x2  
  60  6:14  Overlord x2  
  60  6:15  Overlord  
  60  6:18  Zergling x4  
  61  6:20  Roach x3  
  61  6:21  Roach  
  70  6:26  Drone x3  
  70  6:29  Extractor  
  70  6:30  Extractor  
  70  6:32  Drone  
  72  6:36  Overseer  
  72  6:38  Overseer  
  72  6:44  Glial Reconstitution  
  72  6:45  Hydralisk Den  
  71  6:49  Infestation Pit  
  71  6:50  Drone x3  
  71  6:52  Drone x4  
  77  6:55  Queen  
  79  7:08  Ravager  
  79  7:09  Ravager x3  
  79  7:12  Nydus Network  
  79  7:13  Roach  
  79  7:14  Zergling x2  
  79  7:15  Overlord x3, Zergling x2  
  86  7:18  Drone  
  86  7:20  Drone x2  
  89  7:24  Drone  
  85  7:40  Spore Crawler  
  85  7:41  Queen  
  85  7:43  Spore Crawler  
  85  7:50  Drone x3  
  88  7:54  Spore Crawler x3  
  88  7:56  Hydralisk x5  
  95  8:04  Spore Crawler  
  94  8:06  Queen  
  94  8:08  Drone  
  94  8:09  Drone x2  
  100  8:12  Drone  
  100  8:13  Drone x2  
  102  8:30  Drone  
  102  8:31  Drone  
  104  8:35  Hydralisk x2  
  104  8:36  Roach  
  104  8:37  Roach  
  104  8:39  Zergling x2  
  104  8:41  Hydralisk  
  115  8:54  Nydus Canal  
  115  8:56  Hatchery  
  115  8:58  Hydralisk x3  
  120  9:13  Overlord x3  
  120  9:14  Overlord  
  105  9:38  Roach x3, Hydralisk x5  
  100  9:39  Roach x4, Hydralisk  
  100  9:40  Roach  
  118  9:54  Hydralisk x2  
  118  9:55  Roach x2  
  126  10:08  Hydralisk  
  126  10:09  Roach, Hydralisk x2  
  126  10:10  Roach  
  136  10:16  Ravager x2  
  136  10:17  Ravager  
  139  10:25  Zergling x2  
  139  10:26  Zergling x20  
  94  11:03  Drone x3  
  94  11:04  Drone  
  86  11:05  Queen  
  86  11:06  Drone x2  
  86  11:07  Drone  
  74  11:19  Spire  
  74  11:20  Hydralisk  
  74  11:21  Roach x2  
  74  11:22  Hydralisk x5  
  89  11:40  Overlord  
  89  11:41  Overlord x4, Queen  
  89  11:42  Hydralisk x2  
  89  11:43  Roach x3, Hatchery, Hydralisk x2  
  104  11:53  Hive  
  104  11:55  Evolution Chamber  
  104  11:57  Muscular Augments  
  104  11:58  Evolution Chamber, Hydralisk  
  104  11:59  Roach, Hydralisk x2  
  104  12:00  Roach x3  
  116  12:02  Zergling x2  
  117  12:13  Drone x2  
  119  12:28  Hydralisk x5  
  119  12:29  Roach x3  
  135  12:32  Nydus Canal  
  135  12:35  Overseer  
  135  12:36  Overlord  
  133  12:44  Extractor  
  133  12:47  Extractor  
  128  13:00  Hydralisk x7  
  128  13:02  Zergling x2, Roach  
  144  13:08  Drone x2  
  144  13:10  Drone  
  147  13:18  Hydralisk  
  147  13:19  Roach, Hydralisk  
  153  13:28  Zerg Missile Weapons Level 1  
  153  13:29  Zerg Ground Armor Level 1  
  153  13:32  Spine Crawler, Adrenal Glands  
  152  13:38  Drone x3  
  155  13:46  Drone x2  
  155  13:48  Spine Crawler  
  156  13:51  Spine Crawler  
  156  13:54  Extractor  
  154  13:56  Hydralisk x2  
  154  13:57  Roach x2  
  154  13:58  Infestor  
  154  14:01  Zergling x4  
  166  14:03  Zergling x2  
  166  14:06  Drone x3  
  170  14:19  Nydus Canal  
  170  14:26  Overlord x3  
  170  14:47  Hydralisk x4  
  170  14:48  Roach x4  
  170  14:49  Corruptor x4  
  194  14:54  Burrow  
  188  15:30  Mutalisk  
  188  15:31  Mutalisk x4  
  188  15:35  Ravager  
  199  15:40  Overseer  
  199  15:41  Overseer  
  178  16:03  Hydralisk x4  
  178  16:04  Roach x6, Hydralisk x2  
  170  16:21  Zergling x2  
  170  16:22  Zergling x38  
  170  16:23  Zergling x4  
  192  16:30  Overseer  
  192  16:31  Overseer  
  180  16:33  Overlord x4  
Show
View Real Time Build Order
Export as new Build Order

TheMacdaddy Terran 

Build Orders:  

Get SALT Encoding   

  12  0:02  SCV  
  13  0:14  SCV  
  14  0:17  Supply Depot  
  14  0:26  SCV  
  15  0:39  SCV  
  15  0:41  Barracks  
  16  0:51  Refinery  
  16  0:52  Refinery  
  16  0:56  SCV  
  17  1:12  SCV  
  18  1:24  SCV  
  19  1:28  Reaper  
  20  1:49  Bunker  
  20  1:54  SCV  
  21  2:02  Factory  
  21  2:04  Supply Depot  
  21  2:06  SCV  
  22  2:16  Barracks Reactor  
  22  2:18  SCV  
  23  2:41  SCV  
  24  2:47  Command Center  
  24  3:02  Hellion  
  24  3:03  Hellion  
  28  3:07  Orbital Command  
  28  3:28  Barracks Tech Lab  
  28  3:29  Hellion  
  30  3:38  Supply Depot  
  30  3:46  SCV  
  31  3:59  Hellion x2, SCV  
  36  4:21  Hellion x2  
  36  4:23  SCV  
  40  4:35  SCV  
  40  4:36  Factory  
  41  4:45  Hellion x2  
  45  4:47  SCV  
  46  4:54  Starport  
  46  4:59  SCV  
  41  5:20  Hellion x2  
  45  5:25  Armory  
  45  5:27  Liberator  
  43  5:41  SCV  
  40  5:43  Hellion x2  
  40  5:46  Siege Tank  
  50  5:52  Engineering Bay  
  50  5:53  SCV  
  51  6:03  Infernal Pre-Igniter  
  51  6:05  SCV  
  51  6:09  Hellion  
  54  6:18  Supply Depot  
  54  6:34  Missile Turret  
  54  6:39  Missile Turret  
  54  6:40  Hellion, Siege Tank, SCV  
  54  6:44  Supply Depot  
  54  6:46  Starport Reactor  
  60  6:52  SCV  
  61  6:55  Terran Vehicle Weapons Level 1  
  61  7:01  Refinery  
  61  7:04  SCV  
  61  7:06  Hellbat x2  
  66  7:11  Supply Depot  
  66  7:16  SCV  
  67  7:28  SCV  
  68  7:34  Viking x2  
  68  7:36  Hellbat x2  
  76  7:41  Supply Depot  
  76  7:43  Supply Depot  
  76  7:50  Siege Tank  
  76  8:00  Orbital Command  
  76  8:01  Refinery  
  76  8:02  Hellbat  
  76  8:03  Hellbat  
  80  8:11  Factory  
  80  8:23  Hellbat  
  80  8:24  Hellbat  
  84  8:31  SCV, Sensor Tower  
  85  8:43  SCV  
  85  8:44  Siege Tank  
  85  8:47  Hellbat x2  
  93  8:50  Terran Vehicle Weapons Level 2  
  94  8:55  SCV  
  83  9:38  Hellbat  
  83  9:39  Hellbat  
  83  9:41  Factory Reactor  
  83  9:42  Siege Tank  
  88  9:46  Starport, Viking x2  
  88  10:02  Hellbat x2  
  92  10:08  Command Center  
  92  10:11  SCV  
  93  10:23  SCV, Supply Depot  
  93  10:27  Supply Depot  
  94  10:33  Viking, Hellbat  
  94  10:34  Hellbat  
  94  10:39  Hellbat  
  94  10:40  Viking  
  94  10:41  Hellbat  
  94  10:42  Siege Tank  
  84  11:01  Hellbat x3  
  84  11:02  Hellbat  
  88  11:09  Starport Tech Lab, Factory, Terran Vehicle Weapons Level 3  
  88  11:22  Hellbat  
  90  11:33  SCV  
  90  11:34  SCV x2  
  95  11:40  Hellbat x2  
  95  11:41  Siege Tank  
  95  11:45  Hellion x5, SCV  
  95  11:46  SCV x2  
  101  11:57  SCV  
  101  11:58  SCV  
  103  12:09  SCV  
  103  12:11  Hellbat x4  
  103  12:12  Viking x2  
  116  12:21  Factory Tech Lab  
  116  12:22  Supply Depot  
  116  12:23  Supply Depot  
  116  12:26  Planetary Fortress  
  116  12:27  Refinery  
  116  12:44  Raven, Siege Tank  
  116  12:51  Hellbat x2  
  121  12:52  Siege Tank, Hellbat x2  
  121  12:54  Viking  
  121  12:55  Viking  
  132  13:05  Factory  
  126  13:08  SCV x2  
  126  13:09  Refinery  
  128  13:15  Hellbat  
  128  13:16  Hellbat  
  132  13:20  SCV  
  132  13:23  Supply Depot  
  132  13:24  Supply Depot  
  133  13:27  Liberator  
  133  13:34  Command Center  
  133  13:44  SCV  
  133  13:45  Hellbat x2  
  133  13:46  Siege Tank, SCV, Viking x2  
  149  14:05  Supply Depot  
  149  14:06  Supply Depot  
  149  14:11  Liberator  
  149  14:27  SCV, Hellbat x3  
  149  14:28  Siege Tank, Terran Ship Weapons Level 1  
  162  14:45  Thor  
  166  14:57  Sensor Tower  
  160  15:20  Liberator  
  160  15:33  Hellbat x2  
  160  15:34  Siege Tank x2, Sensor Tower, Hellbat x2  
  94  16:16  Hellbat x2  
  94  16:17  Siege Tank, Hellbat x2  
  94  16:18  Siege Tank  
  108  16:19  Viking x2  
  80  16:38  Hellbat  
Tags
 
Add a new tag
Caveats
  • Supply blocks, unpowered buildings, or Contaminate may cause inaccurate times.
  • Supply counts are checked every 10 seconds.